 Dungeon Crawl Stone Soup version 0.25.1-2-g60ff931df9 (webtiles) character file.

Game seed: 4594950503193006491

65 Johnny the Poker (level 3, 0/43 HPs)
             Began as a Demigod Gladiator on Aug 13, 2020.
             Succumbed to an adder's poison
             ... on level 2 of the Dungeon.
             The game lasted 00:01:49 (1899 turns).

Johnny the Poker (Demigod Gladiator)                Turns: 1899, Time: 00:01:50

Health: 0/43       AC: 21    Str: 19    XL:     3   Next: 67%
Magic:  5/5        EV:  2    Int: 12    God:
Gold:   55         SH:  0    Dex: 15    Spells: 2/2 levels left

rFire    . . .     SeeInvis .   a - +0 trident
rCold    . . .     Gourm    .   (no shield)
rNeg     + + +     Faith    .   (armour currently unavailable)
rPois    +         Spirit   .   (helmet currently unavailable)
rElec    .         Reflect  .   (cloak currently unavailable)
rCorr    .         Harm     .   (gloves currently unavailable)
MR       .....     NoTele   +   (boots currently unavailable)
Stlth    +.........             n - amulet of inaccuracy (curse)
HPRegen  0.14/turn              (no ring)
MPRegen  0.09/turn              (no ring)

@: lethally poisoned (0 -> -6), tree-form (expiring)
A: clumsy 1, high mp 1, MP-powered wands
a: no special abilities


You were on level 2 of the Dungeon.
You were not hungry.
You were a tree.
You visited 1 branch of the dungeon, and saw 2 of its levels.

You collected 55 gold pieces.

Inventory:

Hand Weapons
 a - a +0 trident (weapon)
Missiles
 d - 3 throwing nets (quivered)
Armour
 c - a +0 helmet (melded)
 p - a +0 chain mail (melded)
Jewellery
 n - a cursed amulet of inaccuracy (around neck)
Potions
 i - a potion of flight
 k - a potion of might
Comestibles
 f - 4 rations
 h - 3 chunks of flesh


   Skills:
 - Level 1.7 Fighting
 + Level 4.4 Polearms
 - Level 1.7 Throwing
 - Level 2.6 Dodging


You had 2 spell levels left.
You didn't know any spells.
Your spell library was empty.

Dungeon Overview and Level Annotations

Branches:
Dungeon (2/15)


Innate Abilities, Weirdness & Mutations

You have an increased reservoir of magic. (+10% MP)
((You have large cloven feet.))
You are clumsy. (Dex -2)
((Your flesh is cold resistant. (rC+)))
You expend magic power (3 MP) to strengthen your wands.


Message History

As you read the scroll labeled MOEMOZESEGG, it crumbles to dust.
You cannot blink because you are held in place by your roots.
It was a scroll of blinking.
The adder bites you but does no damage.
Unknown command.
As you read the scroll labeled PAPTUAMMERPH, it crumbles to dust.
You assume a fearsome visage.
The goblin looks frightened!
The adder looks frightened!
It was a scroll of fear.
* * * LOW HITPOINT WARNING * * *
You feel sick.
Unknown command.
As you read the scroll labeled AGUZXE QENUTY, it crumbles to dust.
The creatures around you are filled with an inner flame!
It was a scroll of immolation.
* * * LOW HITPOINT WARNING * * *
You feel sick.
Unknown command.
You cannot move.
You cannot move.
You cannot move.
You die...

......)..##.##...
........[........
.........#.......
.........#[###...
#######.#..####..
#...#......
########.....##..#
#...##............
#♣#........###..#.
########.###.##...###)†(.
#............##...##.)(.)
#......((..####...##.#...
#....S..g.## ######.#...
#.........# #.####
#.........# .. ...
#.........# .. ...
#.........# ... ...


You could see an adder (inner flame, fleeing) and a goblin (inner flame,
fleeing).

Vanquished Creatures
  2 adders (D:2)
  A worm (D:2)
  2 dart slugs
  3 leopard geckos
  7 bats
  5 goblins
  5 hobgoblins
  7 kobolds
  2 ball pythons
  2 frilled lizards (D:1)
  2 rats (D:2)
38 creatures vanquished.

Notes
Turn   | Place    | Note
-------+----------+-------------------------------------------
     0 | D:1      | Johnny the Demigod Gladiator began the quest for the Orb.
     0 | D:1      | Reached XP level 1. HP: 17/17 MP: 3/3
    97 | D:1      | Reached skill level 3 in Polearms
   428 | D:1      | Reached XP level 2. HP: 24/24 MP: 4/4
  1266 | D:2      | Reached XP level 3. HP: 29/29 MP: 5/5
  1275 | D:2      | Reached skill level 4 in Polearms
  1891 | D:2      | Gained mutation: You have large cloven feet. [potion of
                  | mutation]
  1891 | D:2      | Gained mutation: You are clumsy. (Dex -2) [potion of
                  | mutation]
  1891 | D:2      | Gained mutation: You expend magic power (3 MP) to
                  | strengthen your wands. [potion of mutation]
  1891 | D:2      | Gained mutation: Your flesh is cold resistant. (rC+)
                  | [potion of mutation]
  1895 | D:2      | HP: 2/43 [poisoned by an adder]
  1899 | D:2      | Succumbed to an adder's poison

Illustrated notes

Levels and vault maps discovered:
D:1:      dpeg_arrival_round_b, layout_basic, grunt_decor_resistance
D:2:      layout_rooms, chequers_ecumenical_altar_lobes, uniq_crazy_yiuf_cottage

Skill      XL: |  1  2  3 |
---------------+----------+-----
Polearms       | 3 4 |  4.4
Fighting       | |  1.7
Throwing       | |  1.7
Dodging        | |  2.6

Action                   || total
-------------------------++-------
Melee: Trident           ||   160
  Use: Potion            ||     6
       Scroll            ||     4
 Stab: Sleeping          ||     3
  Eat: Chunk             ||     3
Armor: Leather armour    ||    34
       Chain mail        ||    18
       Skin              ||     6
Dodge: Dodged            ||    94
